 Dungeon Crawl Stone Soup version 0.25-a0-517-gf8b3a32422 (webtiles) character file.

Game seed: 980532373243595920, levelgen mode: deterministic

17336 Flugslaktarn the Cleaver (level 12, -6/115 HPs)
             Began as a Deep Dwarf Fighter on Feb 17, 2020.
             Was a High Priest of Makhleb.
             Succumbed to a skeletal warrior's poison
             ... on level 13 of the Dungeon.
             The game lasted 00:06:09 (6439 turns).

Flugslaktarn the Cleaver (Deep Dwarf Fighter)       Turns: 6439, Time: 00:06:09

Health: -6/115     AC: 19    Str: 24    XL:     12   Next: 18%
Magic:  5/5        EV:  8    Int: 10    God:    Makhleb [*****.]
Gold:   614        SH:  0    Dex: 12    Spells: 11/11 levels left

rFire    . . .     SeeInvis .   y - +2 battleaxe (flame)
rCold    . . .     Gourm    .   (shield currently unavailable)
rNeg     . . .     Faith    .   H - +0 plate armour
rPois    .         Spirit   .   l - +0 helmet
rElec    .         Reflect  .   G - +0 cloak
rCorr    .         Harm     .   I - +0 pair of gloves (curse)
MR       +....                  (no boots)
Stlth    ..........             (no amulet)
HPRegen  0.00/turn              v - +1 ring of evasion
MPRegen  0.09/turn              j - +1 ring of slaying

@: lethally poisoned (-6 -> -99), berserk cooldown, very slightly contaminated,
non-regenerating, slowed, very slow
A: damage resistance, heal wounds, sense surroundings 2, no regeneration
a: Heal Wounds, Minor Destruction, Lesser Servant of Makhleb, Major Destruction,
Greater Servant of Makhleb, Renounce Religion


You were on level 13 of the Dungeon.
You worshipped Makhleb.
Makhleb was extremely pleased with you.
You were not hungry.

You visited 2 branches of the dungeon, and saw 14 of its levels.

You collected 614 gold pieces.

Inventory:

Hand Weapons
 a - a +0 war axe
 h - a +1 hand axe of flaming
   (You found it on level 2 of the Dungeon)
 y - a +2 battleaxe of flaming (weapon)
   (You took it off a wight on level 6 of the Dungeon)
Armour
 g - a +0 kite shield
 l - a +0 helmet (worn)
   (You took it off Robin on level 3 of the Dungeon)
 G - a +0 cloak (worn)
   (You found it on level 8 of the Dungeon)
 H - a +0 plate armour (worn)
   (You took it off an orc warrior on level 7 of the Dungeon)
 I - a cursed +0 pair of gloves (worn)
   (You found it on level 8 of the Dungeon)
Jewellery
 c - an uncursed ring of protection from cold
   (You found it on level 8 of the Dungeon)
 f - an uncursed ring of protection from fire
   (You found it on level 12 of the Dungeon)
 j - a +1 ring of slaying (right hand)
   (You found it on level 4 of the Dungeon)
 v - a +1 ring of evasion (left hand)
   (You found it on level 7 of the Dungeon)
Wands
 b - a wand of iceblast (18)
   (You found it on level 6 of the Dungeon)
 m - a wand of flame (33)
   (You took it off Robin on level 3 of the Dungeon)
 x - a wand of acid (11)
   (You found it on level 6 of the Dungeon)
Scrolls
 i - 3 scrolls of fear
 o - 4 scrolls of immolation
 r - 2 scrolls of identify
 t - 3 scrolls of teleportation
 w - 5 scrolls of remove curse
 z - a scroll of blinking
 A - a scroll of enchant weapon
 B - a scroll of vulnerability
 C - 3 scrolls of magic mapping
 D - a scroll of silence
 F - a scroll of enchant armour
 L - a scroll of fog {unknown}
 O - a scroll of summoning {unknown}
Potions
 d - 2 potions of might
 n - 3 potions of mutation {unknown}
 p - a potion of heal wounds
 q - 4 potions of curing
 s - 2 potions of brilliance {unknown}
 E - a potion of lignification
 J - 2 potions of flight {unknown}
 K - a potion of degeneration {unknown}
 M - 2 potions of agility {unknown}
 N - a potion of haste {unknown}
Comestibles
 e - 25 rations
 u - 10 chunks of flesh


   Skills:
 + Level 9.5 Fighting
 * Level 14.7 Axes
 + Level 11.2 Armour
 - Level 5.7 Shields


You had 11 spell levels left.
You didn't know any spells.
Your spell library was empty.

Dungeon Overview and Level Annotations

Branches:
Dungeon (13/15)            Temple (1/1) D:5            Lair (0/6) D:10
    Orc: D:9-12      Vaults: D:13-14

Altars:
Ashenzari
Cheibriados
Dithmenos
Elyvilon
Fedhas
Gozag
Hepliaklqana
Kikubaaqudgha
Makhleb
Nemelex Xobeh
Okawaru
Qazlal
Ru
Sif Muna
Trog
Uskayaw
Vehumet
Wu Jian
Xom
Yredelemnul
Zin
The Shining One

Shops:
D:7 (


Innate Abilities, Weirdness & Mutations

You are resistant to damage.
You can heal yourself by infusing magical energy.
You passively map the area around you.
You do not regenerate.


Message History

You are more poisoned.
You closely miss the skeletal warrior.
The skeletal warrior is heavily damaged.
* * * LOW HITPOINT WARNING * * *
You feel extremely sick.
The skeletal warrior hits you with a +1 glaive of venom.
* * * LOW HITPOINT WARNING * * *
You are more poisoned.
You slice the skeletal warrior!! You burn the skeletal warrior.
The skeletal warrior is almost destroyed.
* * * LOW HITPOINT WARNING * * *
You feel extremely sick.
The skeletal warrior hits you with a +1 glaive of venom.
* * * LOW HITPOINT WARNING * * *
You are more poisoned.
Blink to where?
Press: ? - help, Dir - move target cursor You are very lightly contaminated with residual magic.
As you read the scroll of blinking, it crumbles to dust.
You die...

#### * #..# , ,
#..#######..., ,
#............,,,, *
#...#'####.. ,
**############..@#<...#
,
.......z§......#.(..#,
* *
,.#+#+#'#......#....# ,
#.....#......#....#,
,,, #.....#..)...######
,,#.....#..)....... ,,
#.....#......###+ * * ,
#....<#......# , ,,
,#.....#......# ,,


You could see a skeletal warrior.

Vanquished Creatures
  A hydra (D:11)
  3 two-headed ogres
  2 skeletal warriors (D:13)
  An unseen horror (D:12)
  2 cyclopes
  2 deep elf magi (D:12)
  A centaur zombie (D:11)
  Maurice (D:11)
  3 trolls
  Prince Ribbit (D:7)
  3 slime creatures (D:12)
  2 dream sheep (D:11)
  3 hippogriffs
  6 wyverns
  7 yaks
  2 steam dragons
  A hungry ghost (D:11)
  2 acid dragons (D:12)
  A soldier ant (shapeshifter) (D:13)
  A water moccasin (D:11)
  A swamp drake (D:10)
  4 orc warriors
  4 sky beasts
  4 ice beasts
  2 phantoms
  A necrophage (D:7)
  5 ogres
  2 eyes of draining
  5 centaurs
  5 big kobolds
  A crocodile (D:10)
  5 bullfrogs
  11 killer bees
  4 scorpions
  14 wights
  2 howler monkeys
  2 bullfrog zombies
  4 crimson imps
  A bullfrog skeleton (D:5)
  2 hounds
  3 jellies
  A gnoll shaman (D:5)
  5 orc priests
  10 orc wizards
  3 iguanas
  5 worker ants
  A killer bee zombie (D:5)
  2 hound skeletons
  Robin (D:3)
  A worker ant zombie (D:10)
  A howler monkey zombie (D:8)
  7 gnolls
  9 adders
  A river rat (D:6)
  3 shadow imps (D:7)
  2 adder zombies (D:5)
  An adder skeleton (D:4)
  3 worms
  5 leopard geckos
  44 orcs
  2 ball pythons (D:2)
  7 giant cockroaches
  13 goblins
  5 hobgoblins
  5 jackals
  15 kobolds
  2 quokkas
  4 bats (D:2)
  5 frilled lizards
  A jackal skeleton (D:4)
  4 rats
295 creatures vanquished.

Vanquished Creatures (others)
  An orc (D:11)
1 creature vanquished.

Grand Total: 296 creatures vanquished

Notes
Turn   | Place    | Note
-------+----------+-------------------------------------------
     0 | D:1      | Flugslaktarn the Deep Dwarf Fighter began the quest for the
                  | Orb.
     0 | D:1      | Reached XP level 1. HP: 20/20 MP: 1/1
   201 | D:2      | Reached XP level 2. HP: 25/27 MP: 2/2
   385 | D:2      | Reached skill level 3 in Axes
   385 | D:2      | Reached XP level 3. HP: 29/34 MP: 3/3
   482 | D:3      | Noticed Robin
   497 | D:3      | Killed Robin
   576 | D:3      | Reached XP level 4. HP: 15/42 MP: 4/4
  1015 | D:4      | Reached skill level 4 in Axes
  1032 | D:4      | Reached XP level 5. HP: 34/49 MP: 5/5
  1374 | D:5      | Entered Level 5 of the Dungeon
  1434 | D:5      | Found a staircase to the Ecumenical Temple.
  1450 | D:5      | Reached XP level 6. HP: 49/56 MP: 5/5
  1464 | Temple   | Entered the Ecumenical Temple
  1683 | Temple   | Became a worshipper of Makhleb the Destroyer
  1759 | D:5      | Noticed a sky beast
  1767 | D:5      | Reached skill level 5 in Axes
  1776 | D:5      | Killed a sky beast
  1816 | D:5      | Reached XP level 7. HP: 53/64 MP: 6/6
  1821 | D:5      | Reached skill level 5 in Shields
  1859 | D:5      | Reached skill level 6 in Axes
  1859 | D:5      | Reached skill level 5 in Armour
  2267 | D:6      | Reached * piety under Makhleb
  2267 | D:6      | Reached XP level 8. HP: 35/73 MP: 6/6
  2472 | D:6      | Reached skill level 7 in Axes
  2527 | D:6      | Reached skill level 5 in Fighting
  2648 | D:6      | Found a hazy altar of Hepliaklqana.
  3113 | D:7      | Reached skill level 8 in Axes
  3237 | D:7      | Noticed Prince Ribbit
  3245 | D:7      | Killed Prince Ribbit
  3254 | D:7      | Gained mutation: You passively map the area around you.
                  | [Deep Dwarf growth]
  3254 | D:7      | Reached XP level 9. HP: 61/81 MP: 5/5
  3279 | D:7      | Found Lextiser's Antique Weapon Boutique.
  3327 | D:7      | Reached ** piety under Makhleb
  3337 | D:7      | Reached skill level 9 in Axes
  3639 | D:7      | Found a glowing silver altar of Zin.
  3640 | D:7      | Found a shimmering blue altar of Sif Muna.
  3641 | D:7      | Found an opulent altar of Gozag.
  3642 | D:7      | Found a basalt altar of Yredelemnul.
  3949 | D:8      | Found a shadowy altar of Dithmenos.
  3975 | D:8      | Reached skill level 10 in Axes
  4093 | D:8      | Reached *** piety under Makhleb
  4115 | D:8      | Found a snail-covered altar of Cheibriados.
  4516 | D:9      | You fall into a shaft and drop 3 floors!
  4525 | D:12     | Reached XP level 10. HP: 73/92 MP: 4/4
  4526 | D:12     | Reached skill level 11 in Axes
  4530 | D:12     | Noticed a deep elf mage
  4540 | D:12     | Killed a deep elf mage
  4592 | D:12     | Noticed a cyclops
  4606 | D:12     | Killed a cyclops
  4645 | D:11     | Noticed Maurice
  4651 | D:11     | Reached skill level 12 in Axes
  4681 | D:11     | Noticed a two-headed ogre
  4683 | D:11     | Killed Maurice
  4690 | D:11     | Reached **** piety under Makhleb
  4691 | D:11     | Killed a two-headed ogre
  4747 | D:11     | Found a shimmering blue altar of Sif Muna.
  4754 | D:11     | Reached XP level 11. HP: 83/103 MP: 5/5
  4836 | D:11     | Found a shadowy altar of Dithmenos.
  4988 | D:11     | Noticed a two-headed ogre
  4994 | D:11     | Killed a two-headed ogre
  5138 | D:11     | Noticed a two-headed hydra
  5140 | D:11     | Reached skill level 13 in Axes
  5144 | D:11     | Reached skill level 10 in Armour
  5145 | D:11     | Killed a one-headed hydra
  5243 | D:10     | Entered Level 10 of the Dungeon
  5533 | D:10     | Noticed a two-headed ogre
  5539 | D:10     | Killed a two-headed ogre
  5580 | D:10     | Found a staircase to the Lair.
  5590 | D:10     | Reached skill level 14 in Axes
  5822 | D:10     | Reached ***** piety under Makhleb
  6001 | D:12     | Noticed a deep elf mage
  6013 | D:12     | Killed a deep elf mage
  6218 | D:12     | Killed an unseen horror
  6279 | D:12     | Reached XP level 12. HP: 83/114 MP: 6/6
  6438 | D:13     | HP: 5/115 [skeletal warrior/+1 glaive of venom (4)]
  6439 | D:13     | Succumbed to a skeletal warrior's poison

Levels and vault maps discovered:
D:1:      minmay_arrival_diagonal_passages, layout_basic, due_unseen_surprise
D:2:      minmay_recursive_quarters, layout_basic
D:3:      layout_basic, uniq_robin, uniq_crazy_yiuf_cottage
D:4:      layout_gridville, first_ration
D:5:      layout_rooms, minmay_temple_entry_statues, grunt_ministairs_4,
          hangedman_abyss_or_decor_stagger
D:6:      layout_loops_corners, lemuel_doored_altar, gup_sewer_entry_bubbles,
          nrook_campfire
D:7:      layout_basic, minitemple, serial_shops, shop, uniq_prince_ribbit1
D:8:      layout_basic, kennysheep_little_box, grunt_dithmenos_smoke
D:9:      layout_loops_cross, erik_orc_4, uniq_psyche
D:10:     layout_roguey, erik_lair_dragon
D:11:     layout_cave_pools, hangedman_ranch [blue_anna_fruit_fields],
          hangedman_feature_mirror, uniq_maurice
D:12:     layout_roguey
D:13:     minmay_the_grid_four_pointed_star_mashed
          [minmay_the_grid_triangle_9x9_thin_v,
          minmay_the_grid_triangle_9x9_cache,
          minmay_the_grid_triangle_9x9_minimal,
          minmay_the_grid_triangle_9x9_shrine, minmay_the_grid_prize_big_room],
          layout_irregular_city, hangedman_vaults_entry_quadrant_bands,
          uniq_rupert
Temple:   regret_index_temple_sphere_string

Skill      XL: |  1  2  3  4  5  6  7  8  9 10 11 12 |
---------------+-------------------------------------+-----
Fighting       | 3 4 5 6 8 9 |  9.5
Axes           | 3 4 5 6 8 10 12 14 | 14.7
Armour         | 4 5 6 8 9 10 11 | 11.2
Shields        | 4 5 |  5.7

Action                   |  1- 3 |  4- 6 |  7- 9 | 10-12 || total
-------------------------+-------+-------+-------+-------++-------
Melee: War axe           |    25 |       |       |       ||    25
       Hand axe          |    70 |   124 |    98 |       ||   292
       Battleaxe         |       |       |   228 |   313 ||   541
 Abil: Heal Wounds       |       |     4 |    14 |     2 ||    20
Evoke: Wand              |       |       |       |     3 ||     3
  Use: Scroll            |       |       |    11 |     4 ||    15
       Potion            |       |       |     2 |     1 ||     3
  Eat: Chunk             |       |     3 |    10 |     7 ||    20
Armor: Scale mail        |    45 |    60 |   145 |       ||   250
       Skin              |       |       |    43 |       ||    43
       Plate armour      |       |       |    23 |   245 ||   268
Dodge: Dodged            |    41 |    29 |   152 |   138 ||   360
Block: Kite shield       |    62 |    62 |    55 |       ||   179

Table legend:
 A = Non-vault XP
 B = Vault XP
 C = Vault XP percentage of total XP
 D = Non-vault monster count
 E = Vault monster count
 F = Vault count percentage of total count
                 A         B        C        D         E       F
            +---------+---------+-------+---------+---------+-------
      Total |   19875 |    4892 |  19.8 |     247 |      49 |  16.6
            +---------+---------+-------+---------+---------+-------
        D:1 |       3 |       0 |   0.0 |       2 |       0 |   0.0
        D:2 |      44 |       6 |  12.0 |      20 |       5 |  20.0
        D:3 |      57 |      37 |  39.4 |       7 |      12 |  63.2
        D:4 |     164 |       0 |   0.0 |      12 |       0 |   0.0
        D:5 |     909 |      55 |   5.7 |      25 |       6 |  19.4
        D:6 |     747 |      33 |   4.2 |      15 |       7 |  31.8
        D:7 |     950 |     268 |  22.0 |      22 |       1 |   4.3
        D:8 |    1827 |       0 |   0.0 |      38 |       0 |   0.0
        D:9 |     162 |       0 |   0.0 |       4 |       0 |   0.0
       D:10 |    3713 |     831 |  18.3 |      39 |       5 |  11.4
       D:11 |    2857 |    3662 |  56.2 |      25 |      13 |  34.2
       D:12 |    5972 |       0 |   0.0 |      31 |       0 |   0.0
       D:13 |    2470 |       0 |   0.0 |       7 |       0 |   0.0
            +---------+---------+-------+---------+---------+-------
